 Dungeon Crawl Stone Soup version 0.31-b1-18-g61460d1e46 (webtiles) character file.

Game seed: 13629585202366093462

25 BlasphemerAmon the Caller (level 2, 0/19 HPs)
             Began as a Demonspawn Summoner on Jan 16, 2024.
             Slain by a goblin
             ... wielding a +0 dagger
             ... led by Robin
              (2 damage)
             ... on level 2 of the Dungeon.
             The game lasted 00:02:45 (1992 turns).

BlasphemerAmon the Caller (Demonspawn Summoner)     Turns: 1992, Time: 00:02:45

Health: 0/19       AC:  2    Str:  8    XL:     2   Next: 86%
Magic:  2/6        EV: 12    Int: 15    God:
Gold:   68         SH:  5    Dex: 13    Spells: 4/7 levels left

rFire   . . .        (no weapon)
rCold   . . .        h - orb {*Rage}
rNeg    . . .        a - +0 robe
rPois   .            (no helmet)
rElec   .            (no cloak)
rCorr   .            (no gloves)
SInv    .            (no boots)
Will    .....        c - amulet of reflection
Stlth   ++           (no ring)
HPRegen 0.23/turn    (no ring)
MPRegen 0.10/turn

%: random rage (20%), reflection
@: mighty, on berserk cooldown, slowed, very slow
A: sturdy frame 1
a: no special abilities


You were on level 2 of the Dungeon.
You visited 1 branch of the dungeon, and saw 2 of its levels.

You collected 68 gold pieces.

Inventory:

Armour
 a - a +0 robe (worn)
 h - an orb of wrath (worn)
Jewellery
 c - an amulet of reflection (around neck)
Scrolls
 b - a scroll of identify {unknown}
 e - a scroll of brand weapon {unknown}
 f - a scroll of blinking {unknown}
Potions
 d - a potion of might
 g - a potion of curing {unknown}


   Skills:
 - Level 1.7 Dodging
 - Level 1.7 Stealth
 + Level 3.0 Spellcasting
 + Level 4.2 Summonings


You had 4 spell levels left.
You knew the following spells:

 Your Spells              Type           Power      Damage    Failure   Level
a - Summon Small Mammal   Summ           56%        N/A       3%          1
b - Call Imp              Summ           28%        N/A       5%          2

Your spell library contained the following spells:

 Spells                   Type           Power      Damage    Failure   Level
 Call Canine Familiar     Summ           14%        N/A       11%         3
 Summon Blazeheart Golem  Fire/Summ      8%         N/A       63%         4
 Summon Lightning Spire   Summ/Air       8%         N/A       63%         4


Dungeon Overview and Level Annotations

Branches:
Dungeon (2/15)

Altars:

Annotations:
D:2 1 runed translucent door, Crazy Yiuf, Robin


Innate Abilities, Weirdness & Mutations

Your movements are slightly less encumbered by armour. (ER -2)


Message History

Your cerulean imp dies!
Your cerulean imp disappears in a puff of smoke!
The goblin closely misses you.
You barely miss the goblin.
The goblin is severely wounded.
The goblin hits you with a +0 dagger. The goblin closely misses you.
You punch the goblin!
You kill the goblin!
Unknown command.
The goblin attacks as it pursues you! The goblin hits you with a +0 dagger.
Robin throws the goblin at you! The goblin hits you with a +0 club.
You see here a +0 club.
You closely miss the goblin.
The hobgoblin no longer looks unusually strong.
The goblin hits you with a +0 club.
You barely miss the goblin. You closely miss the goblin.
The hobgoblin no longer looks unusually strong.
The goblin hits you with a +0 dagger. The hobgoblin hits you.
* * * LOW HITPOINT WARNING * * *
The goblin hits you with a +0 club.
* * * LOW HITPOINT WARNING * * *
You hit the goblin.
You kill the goblin!
The hobgoblin no longer looks unusually strong.
Robin roars a battlecry!
The hobgoblins go into a battle-frenzy!
The goblin closely misses you. The hobgoblin misses you.
Things that are here:
a +0 club; a goblin corpse You are too berserk!
You feel a strong urge to attack something.
You are no longer berserk.
You are exhausted.
You feel yourself slow down.
It was a potion of might.
You feel very mighty all of a sudden.
The goblin no longer looks unusually strong.
The goblin hits you with a +0 dagger.
You die...

#.)... ## #.# #)#g#..>.
#.# #gg†..# #.# #.#####
#.# ##g## #.##
#)..######## #..#
##gg........# ##.#
##.g..######.# #.#
####..@.)# #.# #........#
#.# ####.....# #.#
##..>## #.# ###### ##.##
#.# .### ##....## #.# #.#
.+.####......# #.# #.#
.##..#.......###.#### #.#
###.#.......).....#####.#
#.#


You could see 3 hobgoblins and 3 goblins.

Vanquished Creatures
  A giant cockroach (D:1)
  2 goblins (D:2)
3 creatures vanquished.

Vanquished Creatures (collateral kills)
  3 ball pythons (D:1)
  2 bats
  2 endoplasms (D:1)
  5 goblins
  2 hobgoblins
  4 kobolds
18 creatures vanquished.

Grand Total: 21 creatures vanquished

Notes
Turn   | Place    | Note
-------+----------+-------------------------------------------
     0 | D:1      | BlasphemerAmon the Demonspawn Summoner began the quest for
                  | the Orb.
     0 | D:1      | Reached XP level 1. HP: 13/13 MP: 3/3
   755 | D:1      | Gained mutation: Your movements are slightly less
                  | encumbered by armour. (ER -2) [demonic ancestry]
   755 | D:1      | Reached XP level 2. HP: 19/19 MP: 2/5
   758 | D:1      | Learned a level 2 spell: Call Imp
  1924 | D:2      | Found a runed translucent door.
  1925 | D:2      | Noticed Crazy Yiuf
  1967 | D:2      | Noticed Robin
  1992 | D:2      | Slain by a goblin

Illustrated notes

Levels and vault maps discovered:
D:1:      wander_arrival_desolate, layout_basic, minmay_small_reverse_x
D:2:      cheibrodos_old_hovel, layout_loops_ring, serial_shops, shop,
          minmay_misc_feat_five, uniq_robin, uniq_crazy_yiuf_cottage

Skill      XL: |  1  2 |
---------------+-------+-----
Spellcasting   | 3 |  3.0
Dodging        | |  1.7
Stealth        | |  1.7
Summonings     | |  4.2

Action                     || total
---------------------------++-------
  Melee: Unarmed           ||    30
   Cast: Summon Small Mamm ||    34
         Call Imp          ||     6
    Use: Potion            ||     2
 Armour: Robe              ||    46
  Dodge: Dodged            ||    39
